 Dungeon Crawl Stone Soup version 0.29.0-4-gdea44cf6ec (webtiles) character file.

Game seed: 5319802697947276086

1 ProzacElf the Sneak (level 1, 0/11 HPs)
             Began as a Spriggan Delver on Aug 27, 2022.
             Hit by a stone thrown by a kobold (1 damage)
             ... on level 1 of the Dungeon.
             The game lasted 00:02:56 (441 turns).

ProzacElf the Sneak (Spriggan Delver)                Turns: 441, Time: 00:02:57

Health: 0/11       AC:  2    Str:  8    XL:     1   Next: 16%
Magic:  2/2        EV: 17    Int: 11    God:
Gold:   22         SH:  0    Dex: 16    Spells: 0/0 levels left

rFire   . . .      SeeInvis +   a - +0 short sword
rCold   . . .      Faith    .   (no shield)
rNeg    . . .      Spirit   .   b - +0 robe
rPois   .          Reflect  .   (helmet restricted)
rElec   .          Harm     .   (no cloak)
rCorr   .          Rampage  .   (gloves unavailable)
Will    .....                   (boots unavailable)
Stlth   ++++......              (no amulet)
HPRegen 0.03/turn               (no ring)
MPRegen 0.08/turn               (no ring)

@: very quick
A: very small, no large weapons, unfitting armour, see invisible, speed 3
a: no special abilities


You were on level 1 of the Dungeon.
You visited 1 branch of the dungeon, and saw 5 of its levels.

You collected 22 gold pieces.

Inventory:

Hand Weapons
 a - a +0 short sword (weapon)
Missiles
 h - 5 boomerangs (quivered)
Armour
 b - a +0 robe (worn)
Wands
 g - a wand of digging (3)
Scrolls
 c - a scroll of fog
 d - a scroll of magic mapping
 e - a scroll of fear
 i - 2 scrolls of enchant armour {unknown}
 j - 2 scrolls of immolation {unknown}
Potions
 f - a potion of haste


   Skills:
 - Level 2.4 Fighting
 + Level 2.2 Short Blades
 + Level 2.7 Dodging
 + Level 7.2 Stealth


You couldn't memorise any spells.
You didn't know any spells.
Your spell library was empty.

Dungeon Overview and Level Annotations

Branches:
Dungeon (5/15)
 Temple: D:4-7

Altars:


Innate Abilities, Weirdness & Mutations

You are very small and have problems with some larger weapons.
You are too small for most types of armour.
You have supernaturally acute eyesight. (SInv)
You cover ground extremely quickly. (Speed+++)


Message History

Thar be a stone staircase leadin' up 'ere.
Ye climb upwards.
Thar be a stone staircase leadin' down 'ere.
Found a rin' mail.
A quokka an' a hobgoblin come inta view.
A goblin comes inta view.
It be wieldin' a +0 club.
Tha hobgoblin shouts!
Tha goblin shouts!
Ye hear a shout!
A kobold comes inta view.
It be wieldin' a +0 dagger o' venom.
An endoplasm comes inta view.
Found a scroll labelled ISHORH JIPLE.
Ye barely miss tha quokka.
Tha quokka barely misses ye.
Tha quokka misses ye.
Ye barely miss tha quokka.
Yer punch misses tha quokka.
Tha quokka closely misses ye.
Ye closely miss tha quokka.
Tha quokka bites ye.
Ye take 1 damage, an' haf 10/11 hp.
Ye closely miss tha quokka.
Tha quokka bites ye.
Ye take 2 damage, an' haf 8/11 hp.
Ye hit tha quokka.
Tha quokka be almost dead.
Tha quokka bites ye.
Ye take 1 damage, an' haf 7/11 hp.
Ye closely miss tha quokka.
Tha quokka be almost dead.
Tha quokka bites ye.
Ye take 2 damage, an' haf 5/11 hp.
Ye be too injured ta fight recklessly!
Ye be too injured ta fight recklessly!
Ye closely miss tha quokka.
Tha quokka be almost dead.
Tha quokka bites ye.
* * * LOW HITPOINT WARNIN'
* * * Tha quokka bites ye but does nay damage.
Ye take 4 damage, an' haf 1/11 hp.
MASSIVE DAMAGE!!
A dart slug comes inta view.
Ye see 'ere a scroll labelled ISHORH JIPLE.
j - 2 scrolls labelled ISHORH JIPLE (gain'd 1) Tha kobold throws a stone.
Tha stone closely misses ye.
Tha endoplasm jiggles.
Tha kobold throws a stone.
Tha stone hits ye.
Ye die...

#..w #..# #..#
#..# ########..#
#######....r....#
...........####.#
######.##.# #.###
#...@..##.## #...#
#.#####...K.####.#
##.....####.####
................
##.....####.####
#.....# #....#
###.### ####.# #.
#.# # #.#


You could see a quokka and a kobold.

Vanquished Creatures
  A giant cockroach (D:2)
1 creature vanquished.

Notes
Turn   | Place    | Note
-------+----------+-------------------------------------------
     0 | D:5      | ProzacElf the Spriggan Delver began the quest for the Orb.
     0 | D:5      | Reached XP level 1. HP: 11/11 MP: 2/2
   133 | D:5      | Noticed an iguana
   441 | D:1      | Hit by a stone thrown by a kobold

Illustrated notes

Levels and vault maps discovered:
D:1:      dpeg_arrival_arbitrary_c, layout_loops_ring
D:2:      layout_basic, basic_altar
D:3:      layout_basic, ebering_ghost_sewer_d, serial_bayou_ford_a, uniq_ijyb
D:4:      layout_loops_ring, nicolae_tso_swordbearing_angel,
          mainiacjoe_overflow_concentric_impassable, gup_sewer_entry_glass
D:5:      layout_cave_pods, hangedman_decor_lopped, reono_crystal_passage

Action                   || total
-------------------------++-------
Melee: Short sword       ||    21
Armor: Robe              ||     3
Dodge: Dodged            ||    17
